 Dungeon Crawl Stone Soup version 0.30.1-11-g7821555f0a (webtiles) character file.

Game seed: 11294095977117347197

348 BigPumpCobain the Ruffian (level 6, -2/55 HPs)
             Began as a Troll Transmuter on Dec 3, 2023.
             Was a Plaything of Xom.
             Slain by Okkudo's ghost (11 damage)
             ... on level 4 of the Dungeon.
             The game lasted 00:07:36 (2521 turns).

BigPumpCobain the Ruffian (Troll Transmuter)        Turns: 2521, Time: 00:07:37

Health: -2/55      AC:  4    Str: 23    XL:     6   Next: 33%
Magic:  17/17      EV: 10    Int: 16    God:    Xom [..*...]
Gold:   221        SH:  0    Dex: 10    Spells: 8/9 levels left

rFire   . . .        u - +3 mace "Goblinbane" {freeze, *Rage Fly MP+9 Str+4 Int+5}
rCold   . . .        (no shield)
rNeg    . . .        a - +0 robe
rPois   .            (helmet currently unavailable)
rElec   .            (no cloak)
rCorr   .            (gloves unavailable)
SInv    .            (boots unavailable)
Will    .....        e - amulet of regeneration
Stlth   +            (no ring)
HPRegen 1.89/turn    (no ring)
MPRegen 0.15/turn

%: random rage (20%)
@: appendages, flying
A: horns 2, talons 2, large, unfitting armour, claws 3, regeneration 1, shaggy
fur 1, tough skin 1
a: End Transformation, Renounce Religion


You were on level 4 of the Dungeon.
You worshipped Xom.
You were a toy of Xom.
You had temporarily grown beastly horns and talons.
You visited 1 branch of the dungeon, and saw 4 of its levels.

You collected 221 gold pieces.

Inventory:

Hand Weapons
 u - the +3 mace "Goblinbane" (weapon) {freeze, *Rage Fly MP+9 Str+4 Int+5}
   (You found it on level 3 of the Dungeon)

   Str:       It affects your strength (+4).
   Int:       It affects your intelligence (+5).
   MP:        It affects your magic capacity (+9).
   Fly:       It grants you flight.
   *Rage:     It berserks you when you make melee attacks (+20% chance).
Missiles
 v - 2 throwing nets
Armour
 a - a +0 robe (worn)
Magical Staves
 k - a staff of death
 r - a staff of air
Jewellery
 e - an amulet of regeneration (around neck)
 n - a +5 ring of evasion
 p - a +6 ring of intelligence
 y - the ring "Ziroe" {rC+ rCorr}
   (You found it on level 4 of the Dungeon)

   [ring of resist corrosion]

   rC:        It protects you from cold.
   rCorr:     It protects you from acid and corrosion.
Scrolls
 d - 4 scrolls of identify {unknown}
 f - 2 scrolls of enchant armour {unknown}
 g - a scroll of torment {unknown}
 h - a scroll of brand weapon {unknown}
 i - a scroll of enchant weapon {unknown}
 j - a scroll of vulnerability {unknown}
 m - a scroll of immolation {unknown}
 q - 2 scrolls of teleportation {unknown}
 s - 2 scrolls of poison {unknown}
 t - a scroll of summoning {unknown}
 z - a scroll of blinking {unknown}
Potions
 b - a potion of lignification
 c - a potion of invisibility
 l - a potion of heal wounds
 o - a potion of haste {unknown}
 w - a potion of resistance {unknown}
 x - a potion of brilliance {unknown}


   Skills:
 + Level 1.1 Fighting
 + Level 0.7 Maces & Flails
 + Level 2.5 Dodging
 + Level 0.5 Stealth
 + Level 4.8 Unarmed Combat
 + Level 2.1 Spellcasting
 + Level 2.4 Transmutations


You had 8 spell levels left.
You knew the following spells:

 Your Spells              Type           Power      Damage    Failure   Level
a - Beastly Appendage     Tmut           18%        N/A       8%          1

Your spell library contained the following spells:

 Spells                   Type           Power      Damage    Failure   Level
 Sting                    Tmut/Pois      20%        1d4       12%         1
 Wereblood                Tmut           9%         N/A       12%         2
 Apportation              Tloc           2%         N/A       21%         1
 Necrotise                Necr           4%         1d4       21%         1
 Summon Small Mammal      Summ           4%         N/A       21%         1
 Lesser Beckoning         Tloc           2%         N/A       30%         2
 Poisonous Vapours        Pois/Air       2%         N/A       30%         2
 Spider Form              Tmut/Pois      5%         N/A       36%         3
 Gell's Gravitas          Tloc           1%         N/A       52%         3
 Teleport Other           Tloc           1%         N/A       52%         3
 Ice Form                 Ice/Tmut       5%         N/A       77%         4
 Olgreb's Toxic Radiance  Pois           1%         N/A       90%         4


Dungeon Overview and Level Annotations

Branches:
Dungeon (4/15)
 Temple: D:4-7

Altars:
Wu Jian
Xom

Annotations:
D:4 Okkudo's ghost, amateur HOMo


Innate Abilities, Weirdness & Mutations

You have temporarily grown beastly horns and talons.
You are too large for most types of armour.
You have claws for hands.
Your natural rate of healing is unusually fast.
You are covered in fur. (AC +1)
You have tough skin. (AC +1)


Message History

You are too injured to fight recklessly!
You are too injured to fight recklessly!
You are too injured to fight recklessly!
You are too injured to fight recklessly!
You are too injured to fight recklessly!
You are too injured to fight recklessly!
You are too injured to fight recklessly!
You are too injured to fight recklessly!
You are too injured to fight recklessly!
You are too injured to fight recklessly!
You are too injured to fight recklessly!
You are too injured to fight recklessly!
You are too injured to fight recklessly!
You are too injured to fight recklessly!
You are too injured to fight recklessly!
You are too injured to fight recklessly!
You are too injured to fight recklessly!
You are too injured to fight recklessly!
You are too injured to fight recklessly!
You are too injured to fight recklessly!
You are too injured to fight recklessly!
You are too injured to fight recklessly!
You are too injured to fight recklessly!
You are too injured to fight recklessly!
You are too injured to fight recklessly!
You hit Okkudo's ghost but do no damage.
Your kick misses Okkudo's ghost. The water moccasin zombie bites you.
The bullfrog skeleton hits you. Okkudo's ghost hits you.
* * * LOW HITPOINT WARNING * * *
The water moccasin zombie bites you.
* * * LOW HITPOINT WARNING * * *
You emit a cloud of colourful smoke!
You barely miss the bullfrog skeleton. You claw the bullfrog skeleton.
The bullfrog skeleton is lightly damaged.
The bullfrog skeleton hits you.
* * * LOW HITPOINT WARNING * * *
The water moccasin zombie closely misses you.
Okkudo's ghost hits you!
You die...
Xom bursts into laughter!

# #.........#
##...## #.# #
#.........#
#.....########.#
.........#
#..............#
....).>..#
#..(..##########
#.......## ########
#..####.#####.#.#.#
#.. #.......#.....#
#.....#...§○Z....##
#.#####.#..@WZ..).#
#.##..Z...[##
#.##..#.....#
..#####.#.#.# ###
### # #


You could see Okkudo's ghost, a water moccasin zombie, a bullfrog zombie and a
bullfrog skeleton.

Vanquished Creatures
  2 hounds (D:4)
  2 jellies (D:4)
  A gnoll bouda (D:3)
  An iguana (D:4)
  4 gnolls
  5 adders
  An ufetubus (D:4)
  3 worms (D:3)
  2 dart slugs
  3 orcs
  8 endoplasms
  A giant cockroach (D:1)
  A goblin (D:1)
  8 hobgoblins
  6 jackals
  4 quokkas
  5 ball pythons
  9 bats
  3 frilled lizards
  6 kobolds
  5 rats
80 creatures vanquished.

Notes
Turn   | Place    | Note
-------+----------+-------------------------------------------
     0 | D:1      | BigPumpCobain the Troll Transmuter began the quest for the
                  | Orb.
     0 | D:1      | Reached XP level 1. HP: 18/18 MP: 1/1
   201 | D:1      | Reached XP level 2. HP: 26/26 MP: 0/3
   458 | D:1      | Reached XP level 3. HP: 32/32 MP: 2/4
  1611 | D:3      | Reached XP level 4. HP: 39/40 MP: 3/5
  1688 | D:3      | Reached skill level 4 in Unarmed Combat
  1711 | D:3      | Found a faded altar of an unknown god.
  1739 | D:3      | Prayed at the altar of an unknown god.
  1739 | D:3      | Became a worshipper of Xom of Chaos
  1901 | D:3      | Found an ornate altar of the Wu Jian Council.
  2006 | D:3      | Identified the +3 mace "Goblinbane" {freeze, *Rage Fly MP+9
                  | Str+4 Int+5}
  2016 | D:3      | Reached XP level 5. HP: 34/46 MP: 4/6
  2216 | D:4      | XOM: butterfly on damage
  2221 | D:4      | Reached skill level 1 in Fighting
  2349 | D:4      | Identified the ring "Ziroe" {rC+ rCorr}
  2360 | D:4      | Reached XP level 6. HP: 55/55 MP: 8/8
  2458 | D:4      | XOM: noise
  2509 | D:4      | Found a runed translucent gate.
  2509 | D:4      | Found a runed translucent gate.
  2509 | D:4      | Found a runed translucent gate.
  2513 | D:4      | Noticed Okkudo's ghost (amateur HOMo)
  2520 | D:4      | XOM: smoke on damage
  2521 | D:4      | Slain by Okkudo's ghost

Illustrated notes

Levels and vault maps discovered:
D:1:      matt_arrival_refuge, layout_loops_cross
D:2:      layout_basic, nrook_campfire
D:3:      layout_rooms, old_standard_altar,
          hellmonk_ecumenical_altar_defaced_shrine
D:4:      layout_loops_corners, minmay_temple_entry_glassed_door,
          gammafunk_ghost_necromancy, dk_noncrumbling_3, moated_statue,
          kennysheep_generic_room_5

Skill      XL: |  1  2  3  4  5 |
---------------+----------------+-----
Dodging        | 2 |  2.5
Unarmed Combat | 4 |  4.8
Transmutations | 2 |  2.4
Spellcasting   | 2 |  2.1
Fighting       | 1 |  1.1
Maces & Flails | |  0.7
Stealth        | |  0.5

Action                     |  1- 3 |  4- 6 || total
---------------------------+-------+-------++-------
  Melee: Unarmed           |    95 |    47 ||   142
         Kick              |    12 |    12 ||    24
         Headbutt          |     5 |     9 ||    14
         Punch             |     1 |     2 ||     3
         Mace              |       |    52 ||    52
   Cast: Beastly Appendage |    24 |    12 ||    36
    Use: Potion            |       |     2 ||     2
   Stab: Sleeping          |     1 |       ||     1
 Armour: Robe              |    37 |    44 ||    81
  Dodge: Dodged            |    37 |    66 ||   103
